 Dungeon Sprint DCSS version 0.21.2 (webtiles) character file.

19884 Fang the Severer (level 12, -6/90 HPs)
             Began as a Gargoyle Berserker on Oct 1, 2018.
             Was the Champion of Trog.
             Mangled by a balrug
             ... wielding a +0 demon whip
              (24 damage)
             ... in the Dungeon (Sprint VII: "The Pits") on Oct 2, 2018.
             The game lasted 00:12:38 (3254 turns).

Fang the Severer (Gargoyle Berserker)               Turns: 3254, Time: 00:12:39

Health: -6/90      AC: 33    Str: 25    XL:     12   Next: 73%
Magic:  12/12      EV: 10    Int:  9    God:    Trog [******]
Gold:   25         SH:  0    Dex: 17    Spells: 11/11 levels left

rFire    . . .     SeeInvis +   x - +2 executioner's axe (holy)
rCold    . . .     Gourm    .   (shield currently unavailable)
rNeg     + . .     Faith    .   y - +1 crystal plate armour "Bibbuo" {rElec Dex+2 SInv}
rPois    ∞         Spirit   .   (no helmet)
rElec    +         Reflect  .   (no cloak)
rCorr    .         Harm     .   (no gloves)
MR       .....     NoTele   +   (no boots)
Stlth    ..........             (no amulet)
HPRegen  0.25/turn              p - +3 ring of dexterity
MPRegen  0.13/turn              q - +3 ring of dexterity

@: berserk cooldown, slowed, very slow
A: negative energy resistance 1, electricity resistance, unbreathing,
petrification resistance, rot immunity, AC +8
a: Berserk, Trog's Hand, Brothers in Arms, Burn Spellbooks, Renounce Religion


You were in the Dungeon.
You worshipped Trog.
Trog was exalted by your worship.
You were very hungry.

You visited 1 branch You collected 25 gold pieces.

Inventory:

Hand Weapons
 b - a +6 battleaxe of chopping
 j - a +4 antimagic battleaxe
 m - a +4 broad axe of electrocution
 s - a +2 war axe of freezing
 u - a +1 battleaxe of distortion
 x - a +2 executioner's axe of holy wrath (weapon)
Armour
 y - the +1 crystal plate armour "Bibbuo" (worn) {rElec Dex+2 SInv}
   (You found it in the Dungeon)

   It affects your dexterity (+2).
   It insulates you from electricity.
   It lets you see invisible.
Jewellery
 o - an uncursed ring of protection from fire
 p - a +3 ring of dexterity (left hand)
 q - a +3 ring of dexterity (right hand)
 v - an uncursed ring of stealth
 w - an uncursed ring of protection from cold
Scrolls
 i - 2 scrolls of blinking
 k - 4 scrolls of remove curse
 l - a scroll of summoning
 B - 4 scrolls of enchant armour
 C - 3 scrolls of fear
Potions
 a - 2 potions of invisibility
 d - 8 potions of curing
 e - 10 potions of heal wounds
 f - 2 potions of haste
 g - 4 potions of magic
 h - 7 potions of berserk rage
 r - 3 potions of might
 t - 3 potions of flight
 z - a potion of agility
 A - a potion of resistance
 D - a potion of brilliance
Comestibles
 c - 10 rations


   Skills:
 + Level 16.9 Fighting
 + Level 19.7 Axes
 + Level 14.8 Armour
 + Level 7.6 Dodging
 + Level 3.9 Stealth


You had 11 spell levels left.
You didn't know any spells.

Dungeon Overview and Level Annotations

Branches:
Dungeon (1/1)

Altars:
Ashenzari
Cheibriados
Dithmenos
Elyvilon
Fedhas
Gozag
Hepliaklqana
Kikubaaqudgha
Makhleb
Nemelex Xobeh
Okawaru
Qazlal
Ru
Sif Muna
Trog
Uskayaw
Vehumet
Wu Jian
Xom
Yredelemnul
Zin
The Shining One
Beogh
Jiyva
Lugonu


Innate Abilities, Weirdness & Mutations

You are resistant to torment.
Your stone body is resilient. (AC +8)
You are immune to poison.
You resist negative energy. (rN+)
You are resistant to electric shocks. (rElec)
You can survive without breathing.
You are immune to petrification.
You are immune to rotting.


Message History

The balrug is lightly wounded.
You slash the large abomination!
The large abomination convulses.
You hit the iron troll but do no damage.
The large abomination burns!
The balrug gestures at you. Something smites you!
The blizzard demon moves out of view.
You slash the balrug!
The balrug convulses!!
The balrug is heavily wounded.
Your crystal plate armour "Bibbuo" prevents you from hitting the iron troll.
You slash the large abomination!
The large abomination convulses!
You are no longer berserk.
You are exhausted.
You feel yourself slow down.
The large abomination burns!
The iron troll bites you!
* * * LOW HITPOINT WARNING * * *
The iron troll claws you but does no damage.
The iron troll closely misses you. The balrug hits you with a demon whip!
* * * LOW HITPOINT WARNING * * *
You are engulfed in flames!!
You die... +..#....#..# +..........# #..........# #..#....#..# . +..........# #C. +..........# Acc.

#..#....#..#####2'#
#..........'[)T.c.#
#.........x)X@2J..#
###++####('########
#''###################
#.....................
#.(....(..............
#.(##############++###
#..# #..# ### #..#


You could see Mennas (wandering), a titan, an acid blob, an iron troll, a
lorocyproca (invisible), a balrug, a large abomination (burning), 3 yaktaurs and
a small abomination.

Vanquished Creatures
  A titan (D)
  A storm dragon (D)
  A lorocyproca (D)
  A deep elf high priest (D)
  A minotaur (D)
  A mummy priest (D)
  A great orb of eyes (D)
  A hydra (D)
  A spriggan air mage (D)
  A spriggan (D)
  A swamp dragon (D)
  A flayed ghost (D)
  A lindwurm (D)
  A molten gargoyle (D)
  2 black mambas (D)
  A rime drake (D)
  A yaktaur (D)
  A troll (D)
  2 guardian mummies (D)
  2 hornets (D)
  3 blink frogs (D)
  5 dream sheep (D)
  6 redbacks (D)
  A ynoxinul (D)
  A tarantella (D)
  6 yaks (D)
  A shadow (D)
  A fire bat (D)
  Grum (D)
  4 hell hounds (D)
  An ice beast (D)
  A black bear (D)
  10 wolves (D)
  2 bullfrogs (D)
  A big kobold (D)
  A small abomination (D)
  An orc priest (D)
  A gnoll (D)
  2 adders (D)
  A river rat (D)
  A white imp (D)
  An ooze (D)
  A leopard gecko (D)
  4 orcs (D)
  3 bats (D)
  A giant cockroach (D)
  A goblin (D)
  4 jackals (D)
  A frilled lizard (D)
  A jackal skeleton (D)
  A kobold (D)
  A rat (D)
93 creatures vanquished.

Vanquished Creatures (collateral kills)
  A molten gargoyle (D)
  An orange demon (D)
  A rime drake (D)
  A kobold demonologist (D)
  A vampire (D)
  2 redbacks (D)
  A wraith (D)
  A yak (D)
  A soldier ant (D)
  A phantom (D)
  2 centaurs (D)
  A gnoll sergeant (D)
  5 big kobolds (D)
  A crimson imp (D)
  A worker ant (D)
  A hell rat (D)
  2 gnolls (D)
  3 kobolds (D)
27 creatures vanquished.

Grand Total: 120 creatures vanquished

Notes
Turn   | Place    | Note
-------+----------+-------------------------------------------
     0 | D        | Fang the Gargoyle Berserker began the quest for the Orb.
     0 | D        | Reached XP level 1. HP: 14/14 MP: 1/1
    13 | D        | Reached skill level 3 in Axes
    19 | D        | Found a bloodstained altar of Trog.
    19 | D        | Found a deep blue altar of Sif Muna.
    19 | D        | Found a viscous altar of Jiyva.
    19 | D        | Found a hazy altar of Hepliaklqana.
    19 | D        | Found an opulent altar of Gozag.
    20 | D        | Found a glowing golden altar of the Shining One.
    20 | D        | Found a glowing silver altar of Zin.
    20 | D        | Found a basalt altar of Yredelemnul.
    20 | D        | Found a shimmering altar of Xom.
    20 | D        | Found an ornate altar of the Wu Jian Council.
    20 | D        | Found a sacrificial altar of Ru.
    20 | D        | Found a stormy altar of Qazlal.
    20 | D        | Found an iron altar of Okawaru.
    20 | D        | Found a sparkling altar of Nemelex Xobeh.
    20 | D        | Found a burning altar of Makhleb.
    20 | D        | Found a blossoming altar of Fedhas.
    20 | D        | Found a white marble altar of Elyvilon.
    20 | D        | Found a shadowy altar of Dithmenos.
    20 | D        | Found a snail-covered altar of Cheibriados.
    22 | D        | Found a radiant altar of Vehumet.
    22 | D        | Found a corrupted altar of Lugonu.
    22 | D        | Found a roughly hewn altar of Beogh.
   162 | D        | Reached ** piety under Trog
   171 | D        | Reached XP level 2. HP: 17/20 MP: 2/2
   171 | D        | Reached *** piety under Trog
   255 | D        | Noticed a big kobold
   260 | D        | Reached skill level 4 in Axes
   264 | D        | Reached **** piety under Trog
   264 | D        | Reached skill level 5 in Fighting
   264 | D        | Reached XP level 3. HP: 16/26 MP: 3/3
   270 | D        | Killed a big kobold
   270 | D        | Reached skill level 6 in Axes
   270 | D        | Reached XP level 4. HP: 17/32 MP: 4/4
   525 | D        | Noticed a bullfrog
   528 | D        | Received a gift from Trog
   531 | D        | Killed a bullfrog
   531 | D        | Reached skill level 7 in Axes
   531 | D        | Reached XP level 5. HP: 38/38 MP: 5/5
   548 | D        | Reached ***** piety under Trog
   651 | D        | Noticed a hornet
   654 | D        | Killed a hornet
   654 | D        | Reached skill level 9 in Axes
   654 | D        | Reached skill level 5 in Armour
   654 | D        | Reached XP level 6. HP: 45/45 MP: 6/6
   697 | D        | Noticed an ice beast
   705 | D        | Killed an ice beast
   705 | D        | Reached skill level 1 in Stealth
   705 | D        | Reached XP level 7. HP: 51/51 MP: 7/7
   706 | D        | Reached skill level 5 in Dodging
   709 | D        | Received a gift from Trog
   709 | D        | Reached skill level 10 in Axes
   763 | D        | Noticed Grum
   771 | D        | Reached skill level 10 in Fighting
   771 | D        | Reached skill level 11 in Axes
   771 | D        | Reached XP level 8. HP: 57/57 MP: 2/8
   779 | D        | Reached ****** piety under Trog
   784 | D        | Killed Grum
   784 | D        | Reached skill level 12 in Axes
   939 | D        | Found a hide-covered altar of Uskayaw.
   939 | D        | Found an ancient bone altar of Kikubaaqudgha.
   939 | D        | Found a shattered altar of Ashenzari.
   968 | D        | Noticed a redback
   971 | D        | Received a gift from Trog
   975 | D        | Killed a redback
   975 | D        | Reached XP level 9. HP: 63/63 MP: 3/9
  1028 | D        | Noticed a guardian mummy
  1036 | D        | Killed a guardian mummy
  1036 | D        | Reached skill level 13 in Axes
  1098 | D        | Noticed a flayed ghost
  1098 | D        | Noticed a rime drake
  1102 | D        | Killed a rime drake
  1109 | D        | Killed a flayed ghost
  1109 | D        | Reached skill level 14 in Axes
  1111 | D        | Reached skill level 10 in Armour
  1275 | D        | Noticed a swamp dragon
  1285 | D        | Killed a swamp dragon
  1285 | D        | Received a gift from Trog
  1285 | D        | Reached XP level 10. HP: 71/71 MP: 3/10
  1302 | D        | Noticed a kobold demonologist
  1320 | D        | Received a gift from Trog
  1326 | D        | Reached skill level 15 in Axes
  1329 | D        | Killed a kobold demonologist
  1329 | D        | Received a gift from Trog
  1520 | D        | Received a gift from Trog
  1672 | D        | Noticed a mummy priest
  1673 | D        | Noticed a six-headed hydra
  1679 | D        | Killed a ten-headed hydra
  1681 | D        | Killed a mummy priest
  1681 | D        | Reached skill level 16 in Axes
  1681 | D        | Reached XP level 11. HP: 79/79 MP: 4/11
  1801 | D        | Received a gift from Trog
  1814 | D        | Received a gift from Trog
  1926 | D        | Received a gift from Trog
  1929 | D        | Got the cursed +1 crystal plate armour "Bibbuo" {rElec Dex+2 SInv}
  2180 | D        | Noticed a spriggan rider
  2186 | D        | Received a gift from Trog
  2199 | D        | Killed a spriggan rider
  2199 | D        | Reached skill level 17 in Axes
  2268 | D        | Reached skill level 15 in Fighting
  2292 | D        | Received a gift from Trog
  2413 | D        | Noticed a great orb of eyes
  2420 | D        | Killed a great orb of eyes
  2611 | D        | Noticed a lindwurm
  2611 | D        | Noticed a lorocyproca
  2618 | D        | Killed a lindwurm
  2618 | D        | Reached XP level 12. HP: 80/88 MP: 12/12
  2620 | D        | Reached skill level 18 in Axes
  2627 | D        | Killed a lorocyproca
  2932 | D        | Noticed a titan
  2938 | D        | Killed a titan
  2938 | D        | Received a gift from Trog
  3227 | D        | Noticed an acid blob
  3229 | D        | Noticed a storm dragon
  3230 | D        | Noticed a deep elf high priest
  3233 | D        | Noticed a balrug
  3234 | D        | Noticed a spriggan air mage
  3235 | D        | Noticed a minotaur
  3241 | D        | Noticed an iron troll
  3244 | D        | Killed a storm dragon
  3244 | D        | Reached skill level 19 in Axes
  3245 | D        | Killed a spriggan air mage
  3245 | D        | Received a gift from Trog
  3249 | D        | Noticed a mummy priest
  3249 | D        | Killed a minotaur
  3251 | D        | Killed a deep elf high priest
  3252 | D        | Noticed a lorocyproca
  3252 | D        | Noticed a titan
  3253 | D        | Noticed a blizzard demon
  3254 | D        | Mangled by a balrug

Skill      XL: |  1  2  3  4  5  6  7  8  9 10 11 12 |
---------------+-------------------------------------+-----
Axes           | 3 4 6 7 9 11 12 14 16 17 19 | 19.7
Fighting       | 4 5 6 7 8 9 10 12 13 15 16 | 16.9
Dodging        | 2 3 4 5 6 7 |  7.6
Armour         | 3 4 5 6 8 10 12 13 14 | 14.8
Stealth        | 1 2 3 |  3.9

Action                   |  1- 3 |  4- 6 |  7- 9 | 10-12 || total
-------------------------+-------+-------+-------+-------++-------
Melee: Hand axe          |    22 |    30 |     7 |       ||    59
       War axe           |       |       |    54 |    41 ||    95
       Broad axe         |       |       |       |     8 ||     8
       Battleaxe         |       |       |       |    57 ||    57
       Executioner's axe |       |       |       |    56 ||    56
Invok: Berserk           |     1 |     3 |     5 |     6 ||    15
       Brothers in Arms  |       |       |       |     3 ||     3
       Burn Spellbooks   |       |       |       |     1 ||     1
  Use: Potion            |       |       |       |     2 ||     2
       Scroll            |       |       |       |     2 ||     2
  Eat: Chunk             |       |     2 |     4 |     8 ||    14
       Ration            |       |       |     1 |     1 ||     2
Armor: Animal skin       |     7 |       |       |       ||     7
       Chain mail        |       |    13 |    33 |    83 ||   129
       Crystal plate arm |       |       |       |    80 ||    80
Dodge: Dodged            |    23 |    17 |    29 |    80 ||   149
